 Dungeon Crawl Stone Soup version 0.31.0-11-ge490571c62 (webtiles) character file.

Game seed: 7103386864101138391

33538 qw the Spry (level 13, -1/58 HPs)
             Began as a Spriggan Hunter on Feb 3, 2024.
             Was a High Priest of Okawaru.
             Killed by the air
             ... invoked by a wind drake
              (15 damage)
             ... on level 5 of the Lair of Beasts.
             The game lasted 00:01:44 (11734 turns).

qw the Spry (Spriggan Hunter)                      Turns: 11734, Time: 00:01:44

Health: -1/58      AC:  4    Str: 10    XL:     13   Next: 37%
Magic:  21/21      EV: 34    Int:  9    God:    Okawaru [*****.]
Gold:   1192       SH:  5    Dex: 26    Spells: 12/12 levels left

rFire   . . .        q - +1 orcbow (drain)
rCold   . . .        (shield currently unavailable)
rNeg    + . .        s - +1 troll leather armour
rPois   .            (helmet restricted)
rElec   .            (no cloak)
rCorr   .            (gloves unavailable)
SInv    +            (boots unavailable)
Will    ++...        c - amulet of reflection
Stlth   +++          i - ring of positive energy
HPRegen 1.09/turn    (no ring)
MPRegen 0.17/turn

%: reflection
@: about to teleport, very quick
A: very small, no large weapons, unfitting armour, see invisible, speed 3,
talons 2, camouflage 1, agile 1, frail 1, strong 1
a: Renounce Religion, Heroism, Finesse, Duel


You were on level 5 of the Lair of Beasts.
You worshipped Okawaru.
Okawaru was extremely pleased with you.
You visited 3 branches of the dungeon, and saw 16 of its levels.
You also visited: Sewer.

You collected 1378 gold pieces.
You spent 186 gold pieces at shops.


Innate Abilities, Weirdness & Mutations

You are very small and have problems with some larger weapons.
You are too small for most types of armour.
You have supernaturally acute eyesight. (SInv)
You cover ground extremely quickly. (Speed+++)
You have razor-sharp toenails.
Your skin changes colour to match your surroundings (Stealth+).
You are agile. (Dex +4, Str/Int -1)
You are frail. (-10% HP)
Your muscles are strong. (Str +4, Int/Dex -1)


   Skills:
 - Level 6.1 Fighting
 + Level 15.6 Ranged Weapons
 - Level 1.7 Armour
 - Level 16.0 Dodging
 - Level 1.5 Stealth
 - Level 10.0 Invocations


You had 12 spell levels left.
You didn't know any spells.
Your spell library was empty.

Inventory:

Hand Weapons
 f - a +0 arbalest
 q - a +1 orcbow of draining (weapon)
Armour
 s - a +1 troll leather armour (worn)
Jewellery
 c - an amulet of reflection (around neck)
 i - a ring of positive energy (left hand)
 r - a ring of protection from cold
Wands
 h - a wand of digging (9)
 l - a wand of iceblast (14)
Scrolls
 d - a scroll of teleportation
 m - 9 scrolls of identify
 p - a scroll of enchant weapon {unknown}
Potions
 a - 3 potions of enlightenment
 b - 4 potions of curing
 e - 3 potions of haste
 g - 2 potions of might
 j - 2 potions of resistance
 k - a potion of magic
 n - 2 potions of cancellation
 o - a potion of heal wounds

Dungeon Overview and Level Annotations

Branches:
Dungeon (10/15)            Temple (1/1) D:7            Lair (5/5) D:9
  Swamp (0/4) Lair:2        Snake (0/4) Lair:2        Slime (0/5) Lair:5
  Sewer (visited)
    Orc: D:9-12

Altars:
Ashenzari
Cheibriados
Dithmenos
Elyvilon
Fedhas
Gozag
Hepliaklqana
Kikubaaqudgha
Makhleb
Nemelex Xobeh
Okawaru
Qazlal
Ru
Sif Muna
Trog
Uskayaw
Vehumet
Wu Jian
Xom
Yredelemnul
Zin
The Shining One
Jiyva

Shops:
D:4 *

Annotations:
Lair:2 3 runed translucent doors, exclusion: 5 electric eels, qw's ghost, journeyman SpHu
Lair:4 2 transporters, qw's ghost, journeyman DjHu
Lair:5 1 runed translucent door, qw's ghost, journeyman DjHu


Message History

You shoot an arrow. The arrow hits the wind drake!!
You drain the wind drake.
The wind drake is heavily wounded.
You shoot an arrow. The arrow misses the wind drake.
You shoot an arrow. The arrow misses the wind drake.
You shoot an arrow. The arrow barely misses the wind drake.
You shoot an arrow.
The arrow completely misses the wind drake.
The wind drake exhales a fierce blast of wind!
You are knocked back by the gust of wind.
You slam into the rock wall!
You shoot an arrow. The arrow misses the wind drake.
The wind drake flaps its wings at you. The air twists around and strikes you!!
You shoot an arrow.
The arrow closely misses the wind drake.
The wind drake exhales a fierce blast of wind!
You are knocked back by the gust of wind.
You slam into the rock wall!
You shoot an arrow. The arrow hits the wind drake.
You drain the wind drake.
The wind drake is heavily wounded.
The wind drake bites you but does no damage.
You shoot an arrow.
The arrow closely misses the wind drake.
The wind drake completely misses you.
You shoot an arrow.
The arrow closely misses the wind drake.
The wind drake barely misses you.
You shoot an arrow.
The arrow closely misses the wind drake.
You shoot an arrow.
The arrow closely misses the wind drake.
The wind drake completely misses you. The wind drake flaps its wings at you.
The air twists around and strikes you!
11734 ||| READING 2 scrolls of teleportation.
As you read the scroll of teleportation, it crumbles to dust.
You feel strangely unstable. The wind drake flaps its wings at you.
The air twists around and strikes you!
You die...

............................##.
.........................#P.##.
...............................
...#................P#.....###.
. ##PP#...................# ##
####...................#
#.#..~..............P#
##...P...k..........##
##.....@...........#
##.#.#...#...P..P## #######.#
.## ##


You could see a wind drake (repels missiles, drained).

Vanquished Creatures
  3 hydras
  Harold (D:9)
  A catoblepas (Lair:4)
  A two-headed ogre (D:9)
  5 death yaks (Lair:3)
  2 black mambas (Lair:5)
  An elephant (Lair:5)
  2 rime drakes
  12 cane toads
  6 komodo dragons
  2 polar bears
  A troll (D:10)
  13 blink frogs
  8 hornets
  4 dream sheep
  3 wyverns
  46 yaks
  2 basilisks
  6 steam dragons
  2 nagas (Lair:2)
  2 hell hounds (Lair:3)
  11 water moccasins
  5 black bears
  An orc warrior (D:8)
  2 ice beasts
  An ogre (D:5)
  6 centaurs
  17 wolves
  2 phantoms
  A kobold brigand (D:9)
  12 bullfrogs
  A gnoll sergeant (D:6)
  A scorpion (D:6)
  11 wights
  A killer bee (D:4)
  5 electric eels
  A howler monkey (D:8)
  5 hounds
  4 jellies
  2 bombardier beetles
  A gnoll bouda (D:8)
  8 orc priests
  9 orc wizards
  A hell rat (Sewer)
  A statue (D:6)
  2 human simulacra (D:9)
  11 gnolls
  7 adders
  2 river rats (Sewer)
  A shadow imp (D:6)
  2 white imps
  A ribbon worm (D:4)
  23 orcs
  4 ball pythons
  5 endoplasms
  7 giant cockroaches
  7 goblins
  7 hobgoblins
  3 jackals (D:3)
  6 quokkas
  5 bats
  5 frilled lizards
  11 kobolds
  20 rats
361 creatures vanquished.

Notes
Turn   | Place    | Note
-------+----------+-------------------------------------------
     0 | D:1      | qw the Spriggan Hunter began the quest for the Orb.
     0 | D:1      | Reached XP level 1. HP: 10/10 MP: 2/2
     0 | D:1      | 0 ||| qw: Version: 0.3-a-157-g843a77d
     0 | D:1      | 0 ||| qw: Game counter: 3664
     0 | D:1      | 0 ||| qw: Melee chars always use a shield: true
     0 | D:1      | 0 ||| qw: God list: Okawaru
     0 | D:1      | 0 ||| qw: Allow faded altars: false
     0 | D:1      | 0 ||| qw: Do Orc after clearing Dungeon:15 true
     0 | D:1      | 0 ||| qw: Do second Lair branch before Depths: true
     0 | D:1      | 0 ||| qw: Lair rune preference: random
     0 | D:1      | 0 ||| qw: Goals: Normal
     0 | D:1      | 0 ||| PLANNING D:1-11
    45 | D:1      | Reached skill level 3 in Dodging
   214 | D:1      | Reached XP level 2. HP: 14/14 MP: 3/3
   262 | D:1      | Reached skill level 4 in Dodging
   595 | D:1      | 595 ||| READING scroll labelled SOLAAJYMMY.
   595 | D:1      | 595 ||| IDENTIFYING dark potion
   596 | D:1      | 596 ||| READING scroll labelled PALYDI XISE.
   597 | D:1      | 597 ||| DROPPING scroll of butterflies.
   598 | D:1      | 598 ||| DROPPING potion of attraction.
   645 | D:2      | Reached XP level 3. HP: 18/18 MP: 4/4
   847 | D:2      | 847 ||| SWAPPING to +0 arbalest.
   848 | D:2      | 848 ||| DROPPING +0 shortbow.
  1291 | D:2      | 1291 ||| UPGRADING to ring of positive energy.
  1292 | D:2      | 1292 ||| READING 2 scrolls of identify.
  1292 | D:2      | 1292 ||| IDENTIFYING bubbling orange potion
  1293 | D:2      | 1293 ||| READING scroll of identify.
  1293 | D:2      | 1293 ||| IDENTIFYING inky potion
  1294 | D:2      | 1294 ||| READING scroll labelled NAKENI PIEH.
  1295 | D:2      | 1295 ||| READING scroll labelled ENYATZ LAPHA.
  1296 | D:2      | 1296 ||| DRINKING 2 murky coppery potions.
  1297 | D:2      | 1297 ||| DROPPING potion of magic.
  1358 | D:3      | Found a broken altar of Ashenzari.
  1462 | D:3      | Found a burning altar of Makhleb.
  1557 | D:3      | 1557 ||| FLEEEEING.
  1637 | D:3      | Reached XP level 4. HP: 22/22 MP: 5/5
  1767 | D:3      | Found a bloodstained altar of Trog.
  1858 | D:3      | Reached skill level 5 in Dodging
  1896 | D:3      | Found a basalt altar of Yredelemnul.
  1896 | D:3      | Found an ancient bone altar of Kikubaaqudgha.
  1907 | D:3      | Found a hazy altar of Hepliaklqana.
  1909 | D:3      | Found a sparkling altar of Nemelex Xobeh.
  1911 | D:3      | Found a shimmering blue altar of Sif Muna.
  1972 | D:3      | 1972 ||| READING scroll of identify.
  1972 | D:3      | 1972 ||| IDENTIFYING smoky blue potion
  1973 | D:3      | 1973 ||| READING 2 scrolls labelled FOSTAH QOPO.
  1976 | D:3      | 1976 ||| READING scroll labelled QYRGHA MOUB.
  2077 | D:3      | 2077 ||| READING scroll labelled QEUJAY QUEPH.
  2077 | D:3      | 2077 ||| ENCHANTING +0 robe.
  2078 | D:3      | 2078 ||| READING scroll labelled XASCHO JU KOIWA.
  2078 | D:3      | Identified a scroll of acquirement
  2078 | D:3      | 2078 ||| ACQUIRING 551 gold pieces
  2078 | D:3      | Acquired 551 gold pieces
  2080 | D:3      | 2080 ||| DROPPING potion of lignification.
  2097 | D:4      | Noticed a black bear
  2099 | D:4      | 2099 ||| STAIRDANCE
  2111 | D:4      | 2111 ||| STAIRDANCE
  2116 | D:3      | Killed a black bear
  2117 | D:3      | Reached skill level 3 in Fighting
  2117 | D:3      | Reached XP level 5. HP: 20/28 MP: 6/6
  2196 | D:4      | 2196 ||| READING scroll of identify.
  2196 | D:4      | 2196 ||| IDENTIFYING viscous dark potion
  2203 | D:4      | Noticed a phantom
  2207 | D:4      | 2207 ||| RETREEEEATING.
  2208 | D:4      | 2208 ||| RETREEEEATING.
  2209 | D:4      | 2209 ||| RETREEEEATING.
  2213 | D:4      | 2213 ||| RETREEEEATING.
  2214 | D:4      | 2214 ||| RETREEEEATING.
  2215 | D:4      | 2215 ||| RETREEEEATING.
  2216 | D:4      | 2216 ||| RETREEEEATING.
  2217 | D:4      | 2217 ||| FLEEEEING.
  2218 | D:4      | 2218 ||| FLEEEEING.
  2219 | D:4      | 2219 ||| RETREEEEATING.
  2221 | D:4      | 2221 ||| RETREEEEATING.
  2230 | D:4      | 2230 ||| RETREEEEATING.
  2231 | D:4      | 2231 ||| RETREEEEATING.
  2232 | D:4      | 2232 ||| RETREEEEATING.
  2234 | D:4      | 2234 ||| RETREEEEATING.
  2235 | D:4      | Killed a phantom
  2236 | D:4      | Reached XP level 6. HP: 19/32 MP: 7/7
  2238 | D:4      | Reached skill level 6 in Ranged Weapons
  2399 | D:4      | Found Ihyfaam's Assorted Antiques.
  2409 | D:4      | Reached skill level 6 in Dodging
  2415 | D:4      | 2415 ||| BUYING glowing sapphire potion (24 gold).
  2415 | D:4      | Bought a glowing sapphire potion for 24 gold pieces
  2415 | D:4      | 2415 ||| BUYING scroll labelled OGITTU EMOSOUJ (27 gold).
  2415 | D:4      | Bought a scroll labelled OGITTU EMOSOUJ for 27 gold pieces
  2415 | D:4      | 2415 ||| BUYING scroll of identify (54 gold).
  2415 | D:4      | Bought a scroll of identify for 54 gold pieces
  2415 | D:4      | 2415 ||| BUYING scroll of teleportation (81 gold).
  2415 | D:4      | Bought a scroll of teleportation for 81 gold pieces
  2748 | D:4      | 2748 ||| UPGRADING to amulet of guardian spirit.
  2753 | D:4      | 2753 ||| READING scroll of identify.
  2753 | D:4      | 2753 ||| IDENTIFYING glowing sapphire potion
  2754 | D:4      | 2754 ||| READING scroll labelled OGITTU EMOSOUJ.
  2855 | D:4      | 2855 ||| READING 2 scrolls labelled ACKUEGHAIGE.
  2856 | D:4      | 2856 ||| DROPPING potion of degeneration.
  2857 | D:4      | 2857 ||| DROPPING scroll of poison.
  2859 | D:4      | 2859 ||| Stepping ~*~*~tactically~*~*~ (cloud).
  2965 | D:5      | Entered Level 5 of the Dungeon
  2966 | D:5      | 2966 ||| STAIRDANCE
  2970 | D:5      | 2970 ||| STAIRDANCE
  2976 | D:5      | 2976 ||| STAIRDANCE
  2983 | D:4      | Reached XP level 7. HP: 31/36 MP: 6/8
  3019 | D:5      | 3019 ||| STAIRDANCE
  3024 | D:4      | HP: 9/36 [killer bee (5)]
  3025 | D:4      | 3025 ||| READING 3 scrolls of teleportation.
  3026 | D:4      | 3026 ||| DRINKING potion of heal wounds.
  3205 | D:5      | 3205 ||| FLEEEEING.
  3211 | D:5      | Reached skill level 7 in Dodging
  3211 | D:5      | 3211 ||| FLEEEEING.
  3212 | D:5      | 3212 ||| FLEEEEING.
  3213 | D:5      | 3213 ||| FLEEEEING.
  3214 | D:5      | 3214 ||| FLEEEEING.
  3215 | D:5      | 3215 ||| FLEEEEING.
  3216 | D:5      | 3216 ||| FLEEEEING.
  3224 | D:5      | 3224 ||| FLEEEEING.
  3225 | D:5      | 3225 ||| FLEEEEING.
  3226 | D:5      | 3226 ||| FLEEEEING.
  3228 | D:5      | 3228 ||| FLEEEEING.
  3232 | D:5      | 3232 ||| FLEEEEING.
  3234 | D:5      | 3234 ||| FLEEEEING.
  3236 | D:5      | 3236 ||| FLEEEEING.
  3238 | D:5      | 3238 ||| FLEEEEING.
  3239 | D:5      | 3239 ||| FLEEEEING.
  3241 | D:5      | 3241 ||| FLEEEEING.
  3243 | D:5      | 3243 ||| FLEEEEING.
  3245 | D:5      | 3245 ||| FLEEEEING.
  3247 | D:5      | 3247 ||| FLEEEEING.
  3361 | D:5      | Found a glowing silver altar of Zin.
  3487 | D:5      | Reached XP level 8. HP: 38/40 MP: 7/9
  3658 | D:5      | 3658 ||| READING scroll labelled ZUUCEW KIHATHA.
  3659 | D:5      | 3659 ||| DRINKING 2 grey potions.
  3676 | D:6      | 3676 ||| PLANNING SEWER
  3692 | D:6      | Found a radiant altar of Vehumet.
  3735 | D:6      | Reached skill level 8 in Dodging
  4228 | D:6      | Reached skill level 9 in Ranged Weapons
  4438 | D:6      | Found a glowing drain.
  4439 | D:6      | 4439 ||| READING 3 scrolls of identify.
  4439 | D:6      | 4439 ||| IDENTIFYING bubbling blue potion
  4440 | D:6      | 4440 ||| READING 2 scrolls of identify.
  4440 | D:6      | 4440 ||| IDENTIFYING viscous coppery potion
  4443 | D:6      | 4443 ||| READING scroll of identify.
  4443 | D:6      | 4443 ||| IDENTIFYING brown potion
  4444 | D:6      | 4444 ||| READING scroll labelled UTZI YSYOXTYV.
  4445 | D:6      | 4445 ||| READING scroll labelled AWISTRAP KEOMUODUX.
  4446 | D:6      | 4446 ||| DRINKING 2 golden potions.
  4446 | D:6      | Gained mutation: You are partially covered in iridescent
                  | scales. (AC +2) [potion of mutation]
  4446 | D:6      | Gained mutation: You are frail. (-10% HP) [potion of
                  | mutation]
  4446 | D:6      | Gained mutation: You are agile. (Dex +4, Str/Int -1)
                  | [potion of mutation]
  4446 | D:6      | Gained mutation: Your muscles are strong. (Str +4, Int/Dex
                  | -1) [potion of mutation]
  4447 | D:6      | 4447 ||| DRINKING potion of mutation.
  4447 | D:6      | Lost mutation: You are partially covered in iridescent
                  | scales. (AC +2) [potion of mutation]
  4447 | D:6      | Lost mutation: You are agile. (Dex +4, Str/Int -1) [potion
                  | of mutation]
  4447 | D:6      | Gained mutation: You have sharp toenails. [potion of
                  | mutation]
  4447 | D:6      | Gained mutation: Your skin changes colour to match your
                  | surroundings (Stealth+). [potion of mutation]
  4447 | D:6      | Gained mutation: You have hidden genetic potential. [potion
                  | of mutation]
  4448 | D:6      | 4448 ||| DROPPING potion of brilliance.
  4454 | Sewer    | Entered a sewer
  4548 | D:6      | 4548 ||| PLANNING D:1-11
  4624 | D:7      | 4624 ||| STAIRDANCE
  4630 | D:7      | Reached skill level 9 in Dodging
  4651 | D:7      | 4651 ||| Stepping ~*~*~tactically~*~*~ (cloud).
  4658 | D:7      | 4658 ||| Stepping ~*~*~tactically~*~*~ (cloud).
  4665 | D:7      | 4665 ||| FLEEEEING.
  4666 | D:7      | 4666 ||| FLEEEEING.
  4667 | D:7      | 4667 ||| FLEEEEING.
  4668 | D:7      | 4668 ||| FLEEEEING.
  4670 | D:7      | 4670 ||| FLEEEEING.
  4673 | D:7      | 4673 ||| FLEEEEING.
  4674 | D:7      | 4674 ||| FLEEEEING.
  4675 | D:7      | 4675 ||| FLEEEEING.
  4676 | D:7      | 4676 ||| FLEEEEING.
  4677 | D:7      | 4677 ||| FLEEEEING.
  4678 | D:7      | 4678 ||| FLEEEEING.
  4679 | D:7      | 4679 ||| FLEEEEING.
  4685 | D:7      | 4685 ||| STAIRDANCE
  4756 | D:7      | 4756 ||| STAIRDANCE
  4816 | D:7      | 4816 ||| DRINKING 2 potions of haste.
  4849 | D:7      | 4849 ||| FLEEEEING.
  4850 | D:7      | 4850 ||| FLEEEEING.
  4851 | D:7      | 4851 ||| FLEEEEING.
  4853 | D:7      | 4853 ||| FLEEEEING.
  4854 | D:7      | 4854 ||| FLEEEEING.
  4855 | D:7      | 4855 ||| FLEEEEING.
  4859 | D:7      | 4859 ||| FLEEEEING.
  4861 | D:7      | 4861 ||| FLEEEEING.
  4863 | D:7      | 4863 ||| FLEEEEING.
  4865 | D:7      | 4865 ||| FLEEEEING.
  4867 | D:7      | 4867 ||| FLEEEEING.
  4869 | D:7      | 4869 ||| FLEEEEING.
  4871 | D:7      | 4871 ||| FLEEEEING.
  4873 | D:7      | 4873 ||| FLEEEEING.
  4874 | D:7      | 4874 ||| FLEEEEING.
  4882 | D:7      | 4882 ||| STAIRDANCE
  4920 | D:6      | 4920 ||| READING scroll of identify.
  4920 | D:6      | 4920 ||| IDENTIFYING bubbling grey potion
  4925 | D:7      | 4925 ||| STAIRDANCE
  4962 | D:7      | 4962 ||| STAIRDANCE
  4968 | D:6      | Reached XP level 9. HP: 39/39 MP: 10/10
  4968 | D:6      | 4968 ||| DROPPING wand of flame (47).
  4973 | D:7      | 4973 ||| STAIRDANCE
  4980 | D:7      | 4980 ||| STAIRDANCE
  5190 | D:7      | Reached skill level 10 in Dodging
  5269 | D:7      | Found a staircase to the Ecumenical Temple.
  5270 | D:7      | 5270 ||| PLANNING TEMPLE
  5278 | Temple   | Entered the Ecumenical Temple
  5279 | Temple   | 5279 ||| PLANNING OKAWARU WORSHIP
  5289 | Temple   | Became a worshipper of Warmaster Okawaru
  5290 | Temple   | 5290 ||| PLANNING D:1-11
  5290 | Temple   | 5290 ||| REMOVING amulet of guardian spirit.
  5587 | D:8      | Gained mutation: You are agile. (Dex +4, Str/Int -1)
                  | [hidden potential]
  5813 | D:8      | 5813 ||| RETREEEEATING.
  5814 | D:8      | 5814 ||| RETREEEEATING.
  5816 | D:8      | 5816 ||| RETREEEEATING.
  5817 | D:8      | 5817 ||| RETREEEEATING.
  5818 | D:8      | 5818 ||| RETREEEEATING.
  5819 | D:8      | 5819 ||| RETREEEEATING.
  5820 | D:8      | 5820 ||| RETREEEEATING.
  5821 | D:8      | 5821 ||| FLEEEEING.
  5822 | D:8      | 5822 ||| FLEEEEING.
  5823 | D:8      | 5823 ||| FLEEEEING.
  5824 | D:8      | 5824 ||| FLEEEEING.
  5825 | D:8      | 5825 ||| FLEEEEING.
  5826 | D:8      | 5826 ||| FLEEEEING.
  5827 | D:8      | 5827 ||| FLEEEEING.
  5828 | D:8      | 5828 ||| FLEEEEING.
  5829 | D:8      | 5829 ||| FLEEEEING.
  5830 | D:8      | 5830 ||| FLEEEEING.
  5831 | D:8      | 5831 ||| FLEEEEING.
  5832 | D:8      | 5832 ||| FLEEEEING.
  5833 | D:8      | 5833 ||| FLEEEEING.
  5834 | D:8      | 5834 ||| FLEEEEING.
  5835 | D:8      | 5835 ||| FLEEEEING.
  5836 | D:8      | 5836 ||| FLEEEEING.
  5841 | D:8      | 5841 ||| FLEEEEING.
  5842 | D:8      | 5842 ||| FLEEEEING.
  5843 | D:8      | 5843 ||| FLEEEEING.
  5844 | D:8      | 5844 ||| FLEEEEING.
  5846 | D:8      | 5846 ||| RETREEEEATING.
  5847 | D:8      | 5847 ||| RETREEEEATING.
  5848 | D:8      | 5848 ||| RETREEEEATING.
  5849 | D:8      | 5849 ||| RETREEEEATING.
  5850 | D:8      | 5850 ||| RETREEEEATING.
  5852 | D:8      | 5852 ||| RETREEEEATING.
  5853 | D:8      | 5853 ||| RETREEEEATING.
  5857 | D:8      | Reached skill level 11 in Dodging
  5862 | D:8      | 5862 ||| FLEEEEING.
  5863 | D:8      | 5863 ||| FLEEEEING.
  5864 | D:8      | 5864 ||| FLEEEEING.
  5871 | D:8      | Reached * piety under Okawaru
  5891 | D:8      | Reached skill level 1 in Invocations
  5920 | D:8      | 5920 ||| SWAPPING to +1 orcbow of draining.
  5984 | D:8      | You fall into a shaft and drop 2 floors!
  5984 | D:10     | Entered Level 10 of the Dungeon
  5993 | D:10     | Found a snail-covered altar of Cheibriados.
  5995 | D:10     | Found a sacrificial altar of Ru.
  6022 | D:10     | Noticed a troll
  6023 | D:10     | 6023 ||| INVOKING Heroism.
  6026 | D:10     | Killed a troll
  6080 | D:10     | 6080 ||| UPGRADING to +0 troll leather armour.
  6090 | D:10     | 6090 ||| DROPPING +1 robe.
  6091 | D:10     | 6091 ||| READING scroll of enchant armour.
  6091 | D:10     | 6091 ||| ENCHANTING +0 troll leather armour.
  6092 | D:10     | 6092 ||| READING scroll labelled FAUCUR QIUT.
  6105 | D:10     | Reached skill level 3 in Invocations
  6291 | D:8      | Reached XP level 10. HP: 29/44 MP: 13/13
  6291 | D:8      | Reached ** piety under Okawaru
  6604 | D:8      | 6604 ||| UPGRADING to amulet of reflection.
  6609 | D:8      | 6609 ||| DROPPING amulet of guardian spirit.
  6644 | D:9      | Found a staircase to the Lair.
  6664 | D:9      | Noticed a two-headed ogre
  6665 | D:9      | 6665 ||| INVOKING Heroism.
  6673 | D:9      | Killed a two-headed ogre
  6674 | D:9      | Gained mutation: You have razor-sharp toenails. [hidden
                  | potential]
  6674 | D:9      | Lost mutation: You have hidden genetic potential. [hidden
                  | potential expressed]
  6721 | D:9      | Found an opulent altar of Gozag.
  6732 | D:9      | 6732 ||| Stepping ~*~*~tactically~*~*~ (cloud).
  6734 | D:9      | Reached skill level 12 in Dodging
  6735 | D:9      | 6735 ||| Stepping ~*~*~tactically~*~*~ (cloud).
  6788 | D:9      | Noticed Harold
  6789 | D:9      | 6789 ||| INVOKING Heroism.
  6801 | D:9      | Killed Harold
  6957 | D:9      | Reached skill level 12 in Ranged Weapons
  6971 | D:9      | 6971 ||| RETREEEEATING.
  6999 | D:9      | Reached skill level 13 in Dodging
  7359 | D:9      | 7359 ||| PLANNING LAIR
  7359 | D:9      | 7359 ||| READING 2 scrolls of identify.
  7359 | D:9      | 7359 ||| IDENTIFYING fuming puce potion
  7360 | D:9      | 7360 ||| DROPPING potion of invisibility.
  7381 | Lair:1   | Entered Level 1 of the Lair of Beasts
  7389 | Lair:1   | 7389 ||| RETREEEEATING.
  7405 | Lair:1   | Reached *** piety under Okawaru
  7459 | Lair:1   | Reached XP level 11. HP: 49/49 MP: 15/15
  7540 | Lair:1   | 7540 ||| RETREEEEATING.
  7542 | Lair:1   | 7542 ||| RETREEEEATING.
  7576 | Lair:1   | Reached **** piety under Okawaru
  7612 | Lair:1   | 7612 ||| RETREEEEATING.
  7614 | Lair:1   | 7614 ||| RETREEEEATING.
  7619 | Lair:1   | 7619 ||| RETREEEEATING.
  7620 | Lair:1   | 7620 ||| RETREEEEATING.
  7624 | Lair:1   | 7624 ||| RETREEEEATING.
  7625 | Lair:1   | 7625 ||| RETREEEEATING.
  7628 | Lair:1   | 7628 ||| RETREEEEATING.
  7851 | Lair:1   | 7851 ||| RETREEEEATING.
  7852 | Lair:1   | 7852 ||| RETREEEEATING.
  7853 | Lair:1   | 7853 ||| RETREEEEATING.
  7858 | Lair:1   | 7858 ||| RETREEEEATING.
  7944 | Lair:1   | Noticed a six-headed hydra
  7945 | Lair:1   | 7945 ||| INVOKING Finesse.
  7946 | Lair:1   | 7946 ||| INVOKING Finesse.
  7958 | Lair:1   | Killed a six-headed hydra
  8154 | Lair:2   | Noticed a five-headed hydra
  8155 | Lair:2   | 8155 ||| INVOKING Finesse.
  8163 | Lair:2   | Killed a five-headed hydra
  8164 | Lair:2   | Reached skill level 14 in Dodging
  8164 | Lair:2   | Reached skill level 6 in Invocations
  8192 | Lair:2   | Found a runed translucent gate.
  8192 | Lair:2   | Found a runed translucent gate.
  8192 | Lair:2   | Found a runed translucent gate.
  8194 | Lair:2   | Noticed a minotaur
  8194 | Lair:2   | Noticed qw's ghost (journeyman SpHu)
  8246 | Lair:2   | Found a staircase to the Snake Pit.
  8316 | Lair:2   | Reached ***** piety under Okawaru
  8750 | Lair:2   | Found a staircase to the Swamp.
  8755 | Lair:2   | HP: 8/49 [electric eel/bolt of electricity (6)]
  8756 | Lair:2   | 8756 ||| READING 4 scrolls of teleportation.
  8756 | Lair:2   | HP: 1/49 [electric eel/bolt of electricity (8)]
  8757 | Lair:2   | 8757 ||| DRINKING 4 potions of heal wounds.
  8949 | Lair:3   | 8949 ||| STAIRDANCE
  8962 | Lair:3   | 8962 ||| STAIRDANCE
  8968 | Lair:3   | 8968 ||| STAIRDANCE
  8978 | Lair:3   | 8978 ||| STAIRDANCE
  8983 | Lair:3   | 8983 ||| STAIRDANCE
  8992 | Lair:2   | Received a gift from Okawaru
  8993 | Lair:2   | Reached XP level 12. HP: 54/54 MP: 18/18
  8999 | Lair:3   | 8999 ||| INVOKING Finesse.
  9000 | Lair:3   | 9000 ||| INVOKING Heroism.
  9158 | Lair:3   | 9158 ||| RETREEEEATING.
  9162 | Lair:3   | 9162 ||| RETREEEEATING.
  9165 | Lair:3   | 9165 ||| RETREEEEATING.
  9176 | Lair:3   | 9176 ||| INVOKING Finesse.
  9306 | Lair:3   | 9306 ||| RETREEEEATING.
  9307 | Lair:3   | 9307 ||| RETREEEEATING.
  9308 | Lair:3   | 9308 ||| RETREEEEATING.
  9309 | Lair:3   | 9309 ||| INVOKING Finesse.
  9453 | Lair:3   | Reached skill level 9 in Invocations
  9497 | Lair:3   | HP: 13/54 [poisoned by a cane toad]
  9498 | Lair:3   | 9498 ||| READING 3 scrolls of teleportation.
  9499 | Lair:3   | 9499 ||| DRINKING 3 potions of heal wounds.
  9617 | Lair:3   | Noticed a seven-headed hydra
  9619 | Lair:3   | 9619 ||| INVOKING Finesse.
  9629 | Lair:3   | Noticed a death yak
  9633 | Lair:3   | Killed a seven-headed hydra
  9634 | Lair:3   | Reached skill level 15 in Dodging
  9641 | Lair:3   | Killed a death yak
  9671 | Lair:3   | Noticed a death yak
  9672 | Lair:3   | 9672 ||| INVOKING Finesse.
  9672 | Lair:3   | Noticed a death yak
  9679 | Lair:3   | 9679 ||| RETREEEEATING.
  9680 | Lair:3   | 9680 ||| RETREEEEATING.
  9682 | Lair:3   | 9682 ||| RETREEEEATING.
  9684 | Lair:3   | 9684 ||| RETREEEEATING.
  9686 | Lair:3   | 9686 ||| RETREEEEATING.
  9688 | Lair:3   | 9688 ||| RETREEEEATING.
  9690 | Lair:3   | 9690 ||| RETREEEEATING.
  9692 | Lair:3   | 9692 ||| RETREEEEATING.
  9693 | Lair:3   | Killed a death yak
  9707 | Lair:3   | Noticed a death yak
  9708 | Lair:3   | Killed a death yak
  9717 | Lair:3   | Killed a death yak
  9718 | Lair:3   | Reached skill level 6 in Fighting
  9719 | Lair:3   | Noticed a death yak
  9720 | Lair:3   | 9720 ||| RETREEEEATING.
  9722 | Lair:3   | 9722 ||| INVOKING Finesse.
  9734 | Lair:3   | Killed a death yak
  9735 | Lair:3   | Reached skill level 1 in Armour
 10159 | Lair:4   | Found a transporter.
 10160 | Lair:4   | 10160 ||| STAIRDANCE
 10163 | Lair:4   | Noticed a catoblepas
 10164 | Lair:4   | 10164 ||| STAIRDANCE
 10171 | Lair:3   | HP: 13/54 [blink frog (14)]
 10172 | Lair:3   | 10172 ||| READING 2 scrolls of teleportation.
 10173 | Lair:3   | 10173 ||| DRINKING 3 potions of heal wounds.
 10255 | Lair:4   | 10255 ||| INVOKING Finesse.
 10259 | Lair:4   | 10259 ||| Stepping ~*~*~tactically~*~*~ (cloud).
 10270 | Lair:4   | Killed a catoblepas
 10394 | Lair:4   | Noticed a five-headed hydra
 10396 | Lair:4   | Found a transporter.
 10489 | Lair:4   | 10489 ||| INVOKING Finesse.
 10562 | Lair:4   | You fall into a shaft and drop 1 floor!
 10562 | Lair:5   | Entered Level 5 of the Lair of Beasts
 10573 | Lair:5   | Found a runed translucent door.
 10586 | Lair:5   | Reached XP level 13. HP: 46/58 MP: 21/21
 10590 | Lair:5   | 10590 ||| RETREEEEATING.
 10592 | Lair:5   | 10592 ||| RETREEEEATING.
 10595 | Lair:5   | 10595 ||| RETREEEEATING.
 10596 | Lair:5   | 10596 ||| RETREEEEATING.
 10621 | Lair:5   | Reached skill level 15 in Ranged Weapons
 10675 | Lair:5   | Found a viscous altar of Jiyva.
 10675 | Lair:5   | Found a staircase to the Slime Pits.
 10699 | Lair:5   | Noticed qw's ghost (journeyman DjHu)
 10729 | Lair:5   | 10729 ||| RETREEEEATING.
 10730 | Lair:5   | 10730 ||| RETREEEEATING.
 10734 | Lair:5   | 10734 ||| RETREEEEATING.
 10737 | Lair:5   | 10737 ||| RETREEEEATING.
 10925 | Lair:4   | Noticed qw's ghost (journeyman DjHu)
 11386 | Lair:5   | 11386 ||| RETREEEEATING.
 11389 | Lair:5   | 11389 ||| RETREEEEATING.
 11391 | Lair:5   | 11391 ||| RETREEEEATING.
 11396 | Lair:5   | 11396 ||| RETREEEEATING.
 11398 | Lair:5   | 11398 ||| RETREEEEATING.
 11399 | Lair:5   | Received a gift from Okawaru
 11400 | Lair:5   | Reached skill level 16 in Dodging
 11675 | Lair:5   | HP: 13/58 [steam dragon] (7)]
 11676 | Lair:5   | 11676 ||| READING 2 scrolls of teleportation.
 11676 | Lair:5   | HP: 4/58 [steam dragon] (10)]
 11677 | Lair:5   | 11677 ||| DRINKING 2 potions of heal wounds.
 11733 | Lair:5   | HP: 13/58 [wind drake/the air (14)]
 11734 | Lair:5   | 11734 ||| READING 2 scrolls of teleportation.
 11734 | Lair:5   | Killed from afar by a wind drake

Levels and vault maps discovered:
D:1:      heliophobic_arrival_glass_houses, layout_basic
D:2:      layout_loops_ring
D:3:      layout_rooms, mainiacjoe_overflow_paths,
          chequers_temple_overflow_minitemple, trog_butcher_becter,
          mainiacjoe_overflow_boulevard, hex_intersection
D:4:      layout_cave_pools, serial_shops, shop,
          minmay_a_box_with_orc_wizards_in_it
D:5:      layout_rooms, mainiacjoe_overflow_small_starburst,
          kennysheep_big_empty_room, chequers_serial_rivers_small_3,
          mrwooster_statue_mirror
D:6:      layout_basic, vehumet_statue, portal_sewer_entry_e
D:7:      layout_rooms, lemuel_temple_firewalk_a
D:8:      layout_gridville
D:9:      layout_roguey, mainiacjoe_overflow_alcove_4, lair_entry_dummy,
          minmay_crystal_water, bh_circular_ruins, uniq_harold
D:10:     kennysheep_ambush_hall, layout_cave_pools, minitemple, orc_0_dummy
Temple:   compressed_dpeg_triangle_lava_temple
Lair:1:   layout_misc_corridors, dreamdust_wasp_nest
Lair:2:   layout_chaotic_city, minmay_swamp_entry_eels,
          guppyfry_snake_entry_island, maelrawn_ghost_gauntlet_escape
Lair:3:   layout_gridlike, enter_volcano_3, infiniplex_staircase_pool_2,
          grunt_megastairs_3
Lair:4:   layout_cave_pods, nzn_ghost_randoct, serial_bayou_shore_a,
          grunt_megastairs_4
Lair:5:   gammafunk_lair_ancient_temple, layout_gridlike, slime_entry_1,
          ebering_ghost_reflecting_pool, grunt_megastairs_2, uniq_snorg

Skill      XL: |  1  2  3  4  5  6  7  8  9 10 11 12 13 |
---------------+----------------------------------------+-----
Dodging        | 3 4 5 6 7 9 11 13 14 15 16 | 16.0
Ranged Weapons | 5 6 8 10 12 13 14 15 | 15.6
Fighting       | 3 4 5 6 |  6.1
Invocations    | 3 4 7 10 | 10.0
Armour         | 1 |  1.7
Stealth        | |  1.5

Action                     |  1- 3 |  4- 6 |  7- 9 | 10-12 | 13-15 || total
---------------------------+-------+-------+-------+-------+-------++-------
   Fire: Shortbow          |    67 |       |       |       |       ||    67
         Arbalest          |    34 |    89 |   259 |       |       ||   382
         Orcbow            |       |       |    47 |   750 |   199 ||   996
 Invoke: Heroism           |       |       |     1 |     3 |       ||     4
         Finesse           |       |       |       |    10 |       ||    10
    Use: Scroll            |     6 |     9 |    10 |     4 |     2 ||    31
         Potion            |     1 |       |     5 |     3 |     1 ||    10
 Armour: Robe              |     5 |    23 |    50 |       |       ||    78
         Troll leather arm |       |       |     3 |    57 |    27 ||    87
  Dodge: Dodged            |    20 |    86 |   198 |   302 |    80 ||   686
  Block: Other             |       |       |       |    63 |    13 ||    76
         Reflection        |       |       |       |     1 |       ||     1

Table legend:
 A = Non-vault XP
 B = Vault XP
 C = Vault XP percentage of total XP
 D = Non-vault monster count
 E = Vault monster count
 F = Vault count percentage of total count
                 A         B        C        D         E       F
            +---------+---------+-------+---------+---------+-------
      Total |   37475 |   10437 |  21.8 |     294 |      67 |  18.6
            +---------+---------+-------+---------+---------+-------
        D:1 |      34 |       0 |   0.0 |      21 |       0 |   0.0
        D:2 |      27 |       0 |   0.0 |      10 |       0 |   0.0
        D:3 |     226 |       7 |   3.0 |      22 |       4 |  15.4
        D:4 |     394 |     105 |  21.0 |      23 |       3 |  11.5
        D:5 |     760 |       0 |   0.0 |      19 |       0 |   0.0
        D:6 |     748 |      42 |   5.3 |      18 |       9 |  33.3
        D:7 |    1010 |       0 |   0.0 |      18 |       0 |   0.0
        D:8 |    1731 |       0 |   0.0 |      28 |       0 |   0.0
        D:9 |    2709 |     911 |  25.2 |      19 |       3 |  13.6
       D:10 |     717 |       0 |   0.0 |       3 |       0 |   0.0
     Lair:1 |    4883 |    1678 |  25.6 |      23 |       6 |  20.7
     Lair:2 |    4078 |    1576 |  27.9 |      18 |      11 |  37.9
     Lair:3 |   10821 |    1801 |  14.3 |      39 |       6 |  13.3
     Lair:4 |    3437 |     805 |  19.0 |      14 |       2 |  12.5
     Lair:5 |    5900 |    3446 |  36.9 |      19 |      14 |  42.4
      Sewer |       0 |      66 | 100.0 |       0 |       9 | 100.0
            +---------+---------+-------+---------+---------+-------
